 Dungeon Crawl Stone Soup version 0.19.0-19-g8c6edcc (webtiles) character file.

658 leglesslizard the Bolt Thrower (level 7, -4/62 HPs)
             Began as a Deep Dwarf Hunter on Nov 13, 2016.
             Was an Initiate of Gozag.
             Slain by a bullfrog (5 damage)
             ... on level 7 of the Dungeon.
             The game lasted 00:45:13 (4179 turns).

leglesslizard the Bolt Thrower (Deep Dwarf Hunter)  Turns: 4179, Time: 00:45:14

Health: -4/62      AC:  4    Str: 18    XL:     7   Next: 30%
Magic:  3/3        EV: 11    Int: 11    God:    Gozag
Gold:   602        SH:  3    Dex: 13    Spells: 0 memorised, 6 levels left

rFire  x . .     SeeInvis .     F - -3 short sword (curse)
rCold  + . .     Gourm    .     w - +1 scale mail
rNeg   . . .     Faith    .     (no shield)
rPois  .         Spirit   .     (no helmet)
rElec  .         Reflect  +     (no cloak)
rCorr  .         Harm     .     (no gloves)
MR     +....                    (no boots)
Stlth  ..........               x - +3 amulet of reflection
                                (no ring)
                                i - ring of ice

@: corroded, non-regenerating
A: damage resistance, recharge devices, sense surroundings 1, slow regeneration
3
a: Device Recharging, Potion Petition, Call Merchant, Bribe Branch, Renounce
Religion


You were on level 7 of the Dungeon.
You worshipped Gozag.
Gozag was pleased with you.
You were full.

You visited 2 branches of the dungeon, and saw 8 of its levels.

You collected 602 gold pieces.

Inventory:

Hand Weapons
 a - a +2 hand crossbow
 b - a +0 short sword
 f - a +7 club
 k - a +0 rapier
 n - a +0 scythe
 r - a cursed -2 glaive
 F - a cursed -3 short sword (weapon)
Missiles
 d - 19 bolts
 h - 86 arrows
 l - 98 stones (quivered)
 s - 2 needles of sleeping
 y - 12 poisoned needles
Armour
 c - a +0 leather armour
 o - a +0 robe of magic resistance
 p - a +0 ring mail
 u - a +0 cloak
 w - a +1 scale mail (worn)
Jewellery
 i - a ring of ice (left hand)
 x - a +3 amulet of reflection (around neck)
Wands
 e - a wand of heal wounds (0/9)
 m - a wand of flame (0/48)
Scrolls
 t - a scroll of identify
Comestibles
 g - 2 bread rations
 v - 3 slices of pizza
 C - 2 beef jerkies


   Skills:
 + Level 3.0 Fighting
 + Level 1.0 Short Blades
 + Level 6.9 Crossbows
 + Level 2.0 Throwing
 + Level 4.0 Armour
 + Level 3.1 Dodging
 + Level 1.2 Stealth
 + Level 1.8 Evocations


You had 6 spell levels left.
You didn't know any spells.

Dungeon Overview and Level Annotations

Branches:
Dungeon (7/15)             Temple (1/1) D:4

Altars:
Ashenzari
Dithmenos
Elyvilon
Gozag
Makhleb
Okawaru
Qazlal
Ru
Sif Muna
Vehumet
Xom
Yredelemnul
Zin
The Shining One

Annotations:
D:4 Kenran's ghost, novice NaFi
D:5 aggelon's ghost, novice CeHu


Innate Abilities, Weirdness & Mutations

You are resistant to damage.
You can recharge devices by infusing magical energy.
You passively map a small area around you.
You do not regenerate.


Message History

You are splashed with acid!
The acid burns!
* * * LOW HITPOINT WARNING * * *
You block the bullfrog's attack.
Zapping:
m - a wand of flame (1/48)
Press: ? - help, Shift-Dir - straight line, f/p - bullfrog
Aim: a bullfrog (almost dead)
The puff of flame misses the bullfrog.
The puff of flame hits the shadow imp.
The shadow imp is severely wounded.
This wand has 0 charges left.
You block the bullfrog's attack. The jelly closely misses you.
The bullfrog barely misses you.
You barely miss the bullfrog.
The bullfrog is almost dead.
The bullfrog hits you but does no damage.
The jelly barely misses you. The bullfrog hits you.
* * * LOW HITPOINT WARNING * * *
You closely miss the bullfrog.
The bullfrog is almost dead.
The jelly hits you but does no damage. The bullfrog hits you!
You die...
Your body crumbles into a pile of gold.

* , * *, # * *
..# , , ,..#* *
, ** ##.. ,
,...# ** * #, *
##.#.## ,
#..####a##..##
,
#...J@F5...#.#
.....####c#...#
### ##a..## **
##.<# * #...#
.....# ,
###.#.# , , ,
#a#.# ,* #.#.#


You could see a bullfrog, a centaur, a jelly, 2 worker ants and a shadow imp.

Vanquished Creatures
  Sigmund (D:4)
  The ghost of Endymion the Poker, an amateur MfGl (D:3)
  A centaur zombie (D:5)
  A hound (D:4)
  A bullfrog skeleton (D:4)
  Jessica (D:2)
  An iguana (D:4)
  A worker ant (D:4)
  A gnoll (D:1)
  2 worker ant zombies
  6 adders
  An ooze (D:3)
  An adder skeleton (D:4)
  3 worms
  2 leopard geckos (D:3)
  13 orcs
  2 giant cockroaches
  9 goblins
  9 hobgoblins
  15 jackals
  10 kobolds
  2 quokkas
  A ball python (D:2)
  7 bats
  6 frilled lizards
  A jackal skeleton (D:4)
  7 rats
106 creatures vanquished.

Notes
Turn   | Place    | Note
-------+----------+-------------------------------------------
     0 | D:1      | leglesslizard the Deep Dwarf Hunter began the quest for the Orb.
     0 | D:1      | Reached XP level 1. HP: 19/19 MP: 1/1
   133 | D:1      | Reached skill level 5 in Crossbows
   133 | D:1      | Reached XP level 2. HP: 26/26 MP: 2/2
   208 | D:1      | Reached XP level 3. HP: 29/32 MP: 3/3
   796 | D:2      | Noticed Jessica
   801 | D:2      | Killed Jessica
   801 | D:2      | Reached XP level 4. HP: 18/39 MP: 4/4
  1010 | D:2      | Reached skill level 1 in Armour
  1106 | D:2      | Found a faded altar of an unknown god.
  1116 | D:2      | Became a worshipper of Gozag Ym Sagoz the Greedy
  1428 | D:3      | Reached skill level 6 in Crossbows
  1548 | D:3      | Noticed Endymion's ghost (amateur MfGl)
  1563 | D:3      | Killed Endymion's ghost
  1563 | D:3      | Reached XP level 5. HP: 27/46 MP: 5/5
  1616 | D:3      | Reached XP level 6. HP: 34/55 MP: 6/6
  1793 | D:3      | Found a shadowy altar of Dithmenos.
  2285 | D:3      | Found a deep blue altar of Sif Muna.
  2466 | D:3      | Found a stormy altar of Qazlal.
  2735 | D:4      | Reached skill level 1 in Throwing
  2817 | D:4      | Noticed Kenran's ghost (novice NaFi)
  2821 | D:4      | Found a radiant altar of Vehumet.
  2859 | D:4      | Found a staircase to the Ecumenical Temple.
  2889 | Temple   | Entered the Ecumenical Temple
  3199 | D:4      | Found a white marble altar of Elyvilon.
  3201 | D:4      | Found a glowing golden altar of the Shining One.
  3623 | D:4      | Noticed Sigmund
  3645 | D:4      | Killed Sigmund
  3645 | D:4      | Reached skill level 1 in Evocations
  3645 | D:4      | Reached XP level 7. HP: 31/62 MP: 4/6
  3933 | D:5      | Entered Level 5 of the Dungeon
  3975 | D:5      | Noticed aggelon's ghost (novice CeHu)
  3981 | D:5      | Reached skill level 1 in Short Blades
  4092 | D:6      | Noticed a yak
  4092 | D:6      | Noticed a yak
  4093 | D:6      | Noticed a yak
  4093 | D:6      | Noticed a yak
  4093 | D:6      | Noticed a yak
  4093 | D:6      | Noticed a yak
  4178 | D:7      | HP: 1/62 [bullfrog (3)]
  4179 | D:7      | Slain by a bullfrog

Skill      XL: |  1  2  3  4  5  6  7 |
---------------+----------------------+-----
Crossbows      | 5 6 |  6.9
Fighting       | 2 3 |  3.0
Armour         | 2 3 4 |  4.0
Throwing       | 2 |  2.0
Dodging        | 3 |  3.1
Evocations     | 1 |  1.8
Short Blades   | 1 |  1.0
Stealth        | |  1.2

Action                   |  1- 3 |  4- 6 |  7- 9 || total
-------------------------+-------+-------+-------++-------
Melee: Short sword       |       |   208 |    55 ||   263
 Fire: Hand crossbow     |    62 |    89 |       ||   151
Throw: Stone             |       |   188 |    39 ||   227
       Javelin           |       |    38 |     5 ||    43
Invok: Potion Petition   |       |     1 |       ||     1
 Abil: Device Recharging |       |     2 |     3 ||     5
Evoke: Wand              |       |    24 |    34 ||    58
  Use: Scroll            |       |    15 |     1 ||    16
       Potion            |       |     5 |     3 ||     8
 Stab: Distracted        |       |     1 |       ||     1
  Eat: Bread ration      |     1 |     1 |       ||     2
       Meat ration       |       |     2 |       ||     2
Armor: Leather armour    |     8 |       |       ||     8
       Scale mail        |       |   184 |    70 ||   254
Dodge: Dodged            |    12 |   243 |    88 ||   343
Block: Other             |       |       |    27 ||    27
